[Event "13th All African Rapid-ch Women 2024"]
[Site "Accra"]
[Date "2024.03.10"]
[Round "3.5"]
[White "Laubscher, Anzel"]
[Black "Yavo Tchetche, Marie"]
[Result "0-1"]
[ECO "B30"]
[WhiteElo "1820"]
[BlackElo "1659"]
[Annotator "NA RC"]
[PlyCount "136"]
[EventDate "2024.03.07"]
[EventType "rapid"]
[EventCountry "GHA"]
[SourceTitle "playchess.com"]
[Source "ChessBase"]
[SourceQuality "1"]
[TimeControl "900+10"]

1. e4 e6 2. d3 c5 3. Nf3 Nc6 4. g3 d6 5. Bg2 Nf6 6. O-O {[%emt 0:00:08] B30: Sizilianisch (Rossolimo-Variante).} g6 7. Re1 Bg7 8. c3 O-O 9. d4 cxd4 10. cxd4 e5 11. d5 Ne7 12. Qb3 Nh5 13. Nc3 f5 14. Bg5 h6 15. Bxe7 Qxe7 16. Nh4 Kh7 17. Rac1 a6 18. Qb6 f4 19. Nf3 Rf7 20. Ne2 Bg4 21. Rc3 Raf8 22. h3 Bxf3 23. Rxf3 fxg3 24. Rxf7 Rxf7 25. fxg3 Bf8 26. Rf1 Rxf1+ 27. Kxf1 Qf7+ 28. Qf2 Qxf2+ 29. Kxf2 Be7 30. Ke3 Bd8 31. g4 Bb6+ 32. Kf3 Nf6 33. Nc3 Bd4 34. Ke2 g5 35. Kd3 h5 36. Bf3 hxg4 37. hxg4 Nd7 38. b3 Nc5+ 39. Kd2 Bxc3+ 40. Kxc3 b6 41. a3 Kg6 42. Bg2 Kf6 43. Bf3 Ke7 44. b4 Nb7 45. Be2 a5 46. Ba6 Nd8 47. bxa5 bxa5 48. Bc8 Nf7 49. Kb3 Kd8 50. Bf5 Kc7 51. Be6 Nd8 52. Ka4 Kb6 53. Bc8 Nf7 54. Be6 Nd8 55. Bc8 Nf7 56. Be6 Nh6 57. Bd7 Ng8 58. Be6 Nf6 59. Bf5 Ne8 60. Bd7 Nc7 61. Bc6 Na6 62. Kb3 Nc5+ 63. Kc3 Nxe4+ 64. Kc2 Kc5 65. a4 Nf6 66. Kd3 $19 Nxg4 67. Ke4 Nf6+ 68. Kf5 Nxd5 0-1

[Event "13th All African Rapid-ch Women 2024"]
[Site "Accra"]
[Date "2024.03.10"]
[Round "3.6"]
[White "Tsinjoviniavo, Aina Mahasambatra"]
[Black "Gertrude Banini"]
[Result "1-0"]
[ECO "B13"]
[WhiteElo "1681"]
[BlackElo "1681"]
[Annotator "NA RC"]
[PlyCount "83"]
[EventDate "2024.03.07"]
[EventType "rapid"]
[EventCountry "GHA"]
[SourceTitle "playchess.com"]
[Source "ChessBase"]
[SourceQuality "1"]
[TimeControl "900+10"]

1. e4 c6 2. d4 d5 3. exd5 cxd5 4. Nf3 Nf6 5. Bb5+ Nc6 6. Ne5 Qb6 7. Nc3 a6 8. Nxc6 bxc6 9. Ba4 Bf5 10. O-O e6 11. a3 Be7 12. b3 O-O 13. Bf4 Rfc8 14. Ne2 c5 15. Ra2 c4 16. b4 a5 17. c3 Ra7 18. Ng3 Bg6 19. Be5 axb4 20. axb4 Rca8 21. Ra1 Ne4 22. Nxe4 Bxe4 23. f3 Bd3 24. Rf2 Bd6 25. Bxd6 Qxd6 26. Rfa2 h6 27. Qd2 e5 28. dxe5 Qxe5 29. g3 d4 30. f4 Qe3+ 31. Qxe3 dxe3 32. Kg2 e2 33. Kf2 g6 34. Ke1 Kg7 35. b5 Re7 36. b6 Re3 37. Bc6 Rxa2 38. Rxa2 Be4 39. Bxe4 Rxe4 40. b7 Re3 41. b8=Q h5 42. Rxe2 1-0

[Event "13th All African Rapid-ch Women 2024"]
[Site "Accra"]
[Date "2024.03.10"]
[Round "3.7"]
[White "Banda Natalie Katlo"]
[Black "Shaba, Linda Dalitso"]
[Result "0-1"]
[ECO "D05"]
[WhiteElo "1772"]
[BlackElo "1836"]
[Annotator "NA RC"]
[PlyCount "70"]
[EventDate "2024.03.07"]
[EventType "rapid"]
[EventCountry "GHA"]
[SourceTitle "playchess.com"]
[Source "ChessBase"]
[SourceQuality "1"]
[TimeControl "900+10"]

1. d4 e6 2. Nf3 d5 3. e3 Nf6 4. Nbd2 c5 5. c3 Qb6 6. Qb3 {[%emt 0:00:22] D05: Colle System with ...e6.} Bd7 7. Be2 Be7 8. O-O Nc6 9. Ne5 Nxe5 10. dxe5 Ng8 11. c4 Bc6 12. cxd5 Bxd5 13. Bb5+ Bc6 14. Bxc6+ Qxc6 15. Nc4 b5 16. Nd2 Nh6 17. a4 b4 18. Qc4 O-O 19. b3 Qd5 20. Qxd5 exd5 21. e4 Rfd8 22. Bb2 Rac8 23. exd5 Rxd5 24. Nc4 Rd3 25. Na5 Bd8 26. Nc4 Rxb3 27. Rad1 Bb6 28. Rd2 Nf5 29. Rfd1 h6 30. Nd6 Nxd6 31. exd6 c4 32. d7 Rd8 33. Re1 c3 34. Re8+ Kh7 35. Bxc3 Rb1+ 0-1

[Event "13th All African Rapid-ch Women 2024"]
[Site "Accra"]
[Date "2024.03.10"]
[Round "3.9"]
[White "Marochkina, Nadezhda Valerevna"]
[Black "Benson, Maud"]
[Result "1-0"]
[ECO "E68"]
[WhiteElo "1819"]
[BlackElo "1664"]
[Annotator "NA RC"]
[PlyCount "78"]
[EventDate "2024.03.07"]
[EventType "rapid"]
[EventCountry "GHA"]
[SourceTitle "playchess.com"]
[Source "ChessBase"]
[SourceQuality "1"]
[TimeControl "900+10"]

1. d4 Nf6 2. c4 g6 3. Nf3 Bg7 4. Nc3 O-O 5. e4 d6 6. g3 Nbd7 7. Bg2 c6 8. O-O Re8 9. Re1 e5 10. d5 cxd5 {[%emt 0:01:49] E68: Königsindisch (Hauptvariante des g3-Systems mit e2-e4).} 11. Nxd5 Nxd5 12. Qxd5 Nf6 13. Qd2 Qc7 14. b3 Bd7 15. Ba3 Bf8 16. Rad1 Bc6 17. Nh4 Rad8 18. Qg5 Kg7 19. Nf5+ Kg8 20. Qxf6 gxf5 21. Qxf5 Re6 22. Bc1 Be7 23. Bh3 Rf6 24. Qh5 Bd7 25. Bg5 Bxh3 26. Bxf6 Bxf6 27. Qxh3 a5 28. Qf5 Bg7 29. Rd5 a4 30. Red1 axb3 31. axb3 Qb6 32. Rb5 Qc7 33. Qg5 f6 34. Qf5 Qe7 35. Ra1 h6 36. Ra7 Rd7 37. Raxb7 Rxb7 38. Qc8+ Kh7 39. Rxb7 Qf7 1-0

[Event "13th All African Rapid-ch Women 2024"]
[Site "Accra"]
[Date "2024.03.10"]
[Round "4.1"]
[White "Wafa, Shahenda"]
[Black "Junior, Ednasia"]
[Result "1-0"]
[ECO "B48"]
[WhiteElo "2083"]
[BlackElo "1915"]
[Annotator "RC"]
[PlyCount "113"]
[EventDate "2024.03.07"]
[EventType "rapid"]
[EventCountry "GHA"]
[SourceTitle "playchess.com"]
[Source "ChessBase"]
[SourceQuality "1"]
[TimeControl "900+10"]

1. e4 c5 2. Nf3 e6 3. d4 cxd4 4. Nxd4 Nc6 5. Nc3 Qc7 6. Be3 a6 7. Qf3 b5 8. Nxc6 Qxc6 9. e5 Qxf3 10. gxf3 Bb7 11. Be2 d6 12. exd6 Bxd6 13. O-O-O O-O-O 14. Ne4 Be7 15. Rxd8+ Kxd8 16. Rd1+ Kc8 17. Nd6+ Bxd6 18. Rxd6 Nf6 19. a4 Nd5 20. axb5 axb5 21. Bxb5 Nxe3 22. fxe3 Bxf3 23. Bd3 Bb7 24. Rd4 Kc7 25. b4 e5 26. Rc4+ Kb6 27. Rc5 f6 28. Rb5+ Kc7 29. Rc5+ Kb6 30. c4 Rd8 31. Rb5+ Kc7 32. Kc2 g6 33. Rc5+ Kb6 34. Ra5 Rd7 35. c5+ Kc7 36. Kc3 f5 37. b5 Rd8 38. c6 Kb6 39. Ra1 Ba8 40. Ra6+ Kc5 41. Ra7 Bxc6 42. bxc6 Kxc6 43. Rxh7 Rd6 44. Re7 e4 45. Bc4 Kc5 46. Rc7+ Kb6 47. Rc8 Rf6 48. Kd4 Rd6+ 49. Bd5 Ka5 50. Kc5 Ra6 51. Ra8 Rxa8 52. Bxa8 g5 53. Bxe4 fxe4 54. Kd4 Kb5 55. Kxe4 Kc5 56. Kf5 Kd5 57. Kxg5 1-0

[Event "13th All African Rapid-ch Women 2024"]
[Site "Accra"]
[Date "2024.03.10"]
[Round "4.2"]
[White "Nakabo, Peninah"]
[Black "PEACE SAMSON"]
[Result "1-0"]
[ECO "B27"]
[WhiteElo "1836"]
[BlackElo "1870"]
[Annotator "NA RC"]
[PlyCount "77"]
[EventDate "2024.03.07"]
[EventType "rapid"]
[EventCountry "GHA"]
[SourceTitle "playchess.com"]
[Source "ChessBase"]
[SourceQuality "1"]
[TimeControl "900+10"]

1. e4 c5 2. c3 g6 3. d4 cxd4 4. cxd4 Bg7 5. Nf3 Qb6 6. Nc3 Nc6 7. d5 Nd4 8. Be2 Nxf3+ 9. Bxf3 d6 10. O-O Nf6 11. Rb1 Bd7 12. Be3 Qc7 13. Qd2 O-O 14. Rfc1 Qd8 15. Bh6 Bg4 16. Bxg4 Nxg4 17. Bxg7 Kxg7 18. Qd4+ Kg8 19. h3 Nf6 20. f4 a6 21. e5 Nd7 22. Ne4 dxe5 23. fxe5 Qb6 24. Qxb6 Nxb6 25. d6 Nd7 26. dxe7 Rfe8 27. Nf6+ Nxf6 28. exf6 h5 29. g4 hxg4 30. hxg4 g5 31. Rc5 Kh7 32. Rxg5 Kh6 33. Rg7 Rxe7 34. g5+ Kh5 35. fxe7 Re8 36. Re1 Kg4 37. Kf2 Kf5 38. Rxf7+ Kxg5 39. Rf8 1-0

[Event "13th All African Rapid-ch Women 2024"]
[Site "Accra"]
[Date "2024.03.10"]
[Round "4.3"]
[White "Yavo Tchetche, Marie"]
[Black "Nassr, Lina"]
[Result "0-1"]
[ECO "A46"]
[WhiteElo "1659"]
[BlackElo "2080"]
[Annotator "RC"]
[PlyCount "77"]
[EventDate "2024.03.07"]
[EventType "rapid"]
[EventCountry "GHA"]
[SourceTitle "playchess.com"]
[Source "ChessBase"]
[SourceQuality "1"]
[TimeControl "900+10"]

1. d4 d5 2. Nf3 Nf6 3. g3 e6 4. Bg2 b5 5. O-O Bb7 6. Nbd2 c5 7. c3 Nc6 8. a4 b4 9. c4 cxd4 10. cxd5 Nxd5 11. Nb3 e5 12. Qc2 Rc8 13. Qf5 g6 14. Qd3 Bg7 15. Qb5 Rb8 16. Nxe5 Bxe5 17. Qxd5 Qxd5 18. Bxd5 Na5 19. Bxf7+ Kxf7 20. Nxa5 Bd5 21. b3 Rhc8 22. Bd2 d3 23. exd3 Bxa1 24. Rxa1 Rc2 25. Be3 a6 26. Nc4 Bxc4 27. bxc4 Rc3 28. Rd1 Rd8 29. Rb1 b3 30. c5 Rd5 31. d4 Rxd4 32. Kg2 Rdd3 33. Kf3 Rc2 34. c6 b2 35. Ke4 Rdc3 36. Bd4 Rxc6 37. Kd3 R2c4 38. Bxb2 Rxa4 39. Ba3 0-1

[Event "13th All African Rapid-ch Women 2024"]
[Site "Accra"]
[Date "2024.03.10"]
[Round "4.4"]
[White "Mongeli, Sasha"]
[Black "Tsinjoviniavo, Aina Mahasambatra"]
[Result "1-0"]
[ECO "A06"]
[WhiteElo "1858"]
[BlackElo "1681"]
[Annotator "NA RC"]
[PlyCount "159"]
[EventDate "2024.03.07"]
[EventType "rapid"]
[EventCountry "GHA"]
[SourceTitle "playchess.com"]
[Source "ChessBase"]
[SourceQuality "1"]
[TimeControl "900+10"]

1. Nf3 d5 2. b3 c5 3. e3 Nc6 4. Bb2 Bg4 5. h3 Bh5 6. c4 {[%emt 0:01:09] A06: Réti Opening: 1 Nf3 d5.} d4 7. exd4 cxd4 8. d3 Nf6 9. Be2 e5 10. a3 Bd6 11. b4 b6 12. O-O O-O 13. Nbd2 Re8 14. Ng5 Bg6 15. Bf3 Rc8 16. Nge4 Nxe4 17. Nxe4 Bc7 18. Qd2 f5 19. Ng3 Bd6 20. Bd5+ Kh8 21. Rfe1 Ne7 22. Bf3 Ng8 23. Bc1 f4 24. Ne4 Bb8 25. Bb2 Nf6 26. Rac1 Nxe4 27. Bxe4 Bxe4 28. Rxe4 Qg5 29. Qe2 Re6 30. Qg4 Qxg4 31. hxg4 Rg6 32. f3 Rg5 33. a4 a6 34. b5 a5 35. Ba3 Re8 36. c5 bxc5 37. Bxc5 Rg6 38. Ree1 Bd6 39. Bxd4 Rge6 40. Bc3 Bc5+ 41. Kf1 Bb6 42. Re4 Kg8 43. Be1 Kf7 44. Bf2 Bxf2 45. Kxf2 Rd6 46. Ke2 Kf6 47. Rc3 Red8 48. Rec4 Kg5 49. Rc5 Re8 50. Rc6 Rdd8 51. R3c5 Rd4 52. Rc4 Rdd8 53. R6c5 Kh4 54. Rc7 Rg8 55. Re7 Rd5 56. Re4 Rd4 57. Rxd4 exd4 58. Re4 Kg3 59. Rxd4 g5 60. b6 Rg6 61. b7 Rb6 62. Rd7 h6 63. d4 Kxg2 64. d5 Rb2+ 65. Kd3 Kxf3 66. Rc7 Kxg4 67. d6 f3 68. Kc3 Rb4 69. Rc4+ Rxc4+ 70. Kxc4 f2 71. b8=Q f1=Q+ 72. Kd5 Qd3+ 73. Kc6 Qc4+ 74. Kb7 Qxa4 75. Qc8+ Kh4 76. d7 Qb4+ 77. Ka8 Qe4+ 78. Kb8 Qe5+ 79. Qc7 Qb2+ 80. Kc8 1-0

[Event "13th All African Rapid-ch Women 2024"]
[Site "Accra"]
[Date "2024.03.10"]
[Round "4.6"]
[White "Shaba, Linda Dalitso"]
[Black "Vilhete, Vania Fausto Da T."]
[Result "1-0"]
[ECO "E18"]
[WhiteElo "1836"]
[BlackElo "1829"]
[Annotator "NA RC"]
[PlyCount "79"]
[EventDate "2024.03.07"]
[EventType "rapid"]
[EventCountry "GHA"]
[SourceTitle "playchess.com"]
[Source "ChessBase"]
[SourceQuality "1"]
[TimeControl "900+10"]

1. d4 d5 2. Nf3 e6 3. g3 Nf6 4. Bg2 Be7 5. O-O O-O 6. c4 b6 7. Nc3 Bb7 8. cxd5 exd5 {[%emt 0:00:04] 8...Nxd5 deserves study.} 9. Bf4 c6 10. Qc2 {[%emt 0:00:28] E18: Queen's Indian: Old Main Line (4 g3 Bb7 5 Bg2 Be7 6 0-0 0-0 7 Nc3).} Nbd7 11. Rac1 Nh5 12. Bd2 Rc8 13. Qb3 Nhf6 14. Bg5 $146 ({Predecessor:} 14. a3 Re8 15. Rfe1 Bd6 16. e4 dxe4 17. Ng5 Rf8 18. Ncxe4 Nxe4 19. Rxe4 h6 20. Ne6 fxe6 21. Rxe6 Kh8 22. Rxd6 {½-½ Titov,T-Andreev,A (1889) BUL-ch U20 Sofia 2009 (4)}) 14... Re8 15. Rfe1 h6 16. Bf4 Nf8 17. Bh3 Ra8 18. Ne5 Bd6 19. Nd3 Ng6 20. Bxd6 Qxd6 21. e3 Rab8 22. Qa4 a6 23. b4 Ne4 24. Qc2 Qf6 25. Nxe4 dxe4 26. Nb2 Qe7 27. a3 a5 28. Qd2 axb4 29. axb4 Red8 30. Qc3 c5 31. bxc5 bxc5 $16 32. dxc5 Bc6 33. Red1 Ne5 34. Bg2 Nf3+ 35. Kh1 Rxd1+ 36. Rxd1 Qb7 37. Nc4 Qb3 38. Qxb3 Rxb3 39. Na5 Rd3 40. Bxf3 1-0

[Event "13th All African Rapid-ch Women 2024"]
[Site "Accra"]
[Date "2024.03.10"]
[Round "4.7"]
[White "Laubscher, Anzel"]
[Black "Marochkina, Nadezhda Valerevna"]
[Result "0-1"]
[ECO "B10"]
[WhiteElo "1820"]
[BlackElo "1819"]
[Annotator "NA RC"]
[PlyCount "74"]
[EventDate "2024.03.07"]
[EventType "rapid"]
[EventCountry "GHA"]
[SourceTitle "playchess.com"]
[Source "ChessBase"]
[SourceQuality "1"]
[TimeControl "900+10"]

1. e4 c6 2. d3 d5 3. Nd2 d4 4. f4 Nf6 5. Ngf3 c5 6. a4 {[%emt 0:01:20] B10: Caro-Kann: 2 d3 and 2 c4.} Nc6 7. Nc4 b6 8. g3 Bb7 9. Bg2 e6 10. O-O Be7 11. h3 O-O 12. g4 Qc7 13. Qe1 a6 14. g5 Nd7 15. Bd2 b5 16. axb5 axb5 17. Rxa8 Rxa8 18. Na3 Qb6 19. Qf2 Ra4 20. h4 c4 21. dxc4 bxc4 $19 22. h5 Bc5 23. Kh1 d3 24. Qg3 Qxb2 25. Rb1 Qxa3 26. Rxb7 dxc2 27. Rxd7 c1=Q+ 28. Bxc1 Qxc1+ 29. Kh2 Ra7 30. Rxa7 Nxa7 31. g6 hxg6 32. hxg6 fxg6 33. Qxg6 Qxf4+ 34. Qg3 Qxg3+ 35. Kxg3 c3 36. Ne1 Nb5 37. Nc2 Na3 0-1

[Event "13th All African Rapid-ch Women 2024"]
[Site "Accra"]
[Date "2024.03.10"]
[Round "4.8"]
[White "Gertrude Banini"]
[Black "Banda Natalie Katlo"]
[Result "0-1"]
[ECO "D13"]
[WhiteElo "1681"]
[BlackElo "1772"]
[Annotator "NA RC"]
[PlyCount "124"]
[EventDate "2024.03.07"]
[EventType "rapid"]
[EventCountry "GHA"]
[SourceTitle "playchess.com"]
[Source "ChessBase"]
[SourceQuality "1"]
[TimeControl "900+10"]

1. d4 d5 2. c4 c6 3. cxd5 cxd5 4. Nf3 Nf6 5. Nc3 e6 6. Bg5 Nc6 7. e3 h6 8. Bh4 Be7 9. Bd3 O-O 10. O-O b6 11. a3 Bb7 12. b4 Rc8 13. Qb3 Qd7 14. Rfc1 Nb8 15. Bg3 Nc6 16. Rc2 Nh5 17. Rac1 Nxg3 18. hxg3 Bf6 19. Bb5 Rc7 20. Bxc6 Bxc6 21. b5 Ba8 22. Ne2 Rfc8 23. Rxc7 Rxc7 24. Rxc7 Qxc7 25. Qc3 Qd7 26. a4 Bb7 27. Ne1 a6 28. Qb4 axb5 29. Qxb5 Qxb5 30. axb5 Bc8 31. Nc3 Bd7 32. Nc2 Be7 33. Kf1 f5 34. Ke2 Kf7 35. f4 Kf6 36. Kf3 Be8 37. Kf2 g5 38. Kf3 gxf4 39. gxf4 Kg6 40. g3 h5 41. Kg2 h4 42. gxh4 Kh5 43. Kf3 Kxh4 44. Na4 Bh5+ 45. Kf2 Bd1 46. Nxb6 Bxc2 47. Nc8 Bd8 48. b6 Ba4 49. b7 Bc7 50. Ne7 Bb5 51. Kf3 Ba6 52. Ng6+ Kh5 53. Nf8 Bxb7 54. Nxe6 Bd6 55. Nc5 Bxc5 56. dxc5 Kh4 57. Ke2 Kg3 58. Kd3 Kf3 59. Kd4 Bc6 60. Ke5 Kxe3 61. Kxf5 d4 62. Ke5 d3 0-1

[Event "13th All African Rapid-ch Women 2024"]
[Site "Accra"]
[Date "2024.03.10"]
[Round "4.9"]
[White "Benson, Maud"]
[Black "Ayiku, Angela Naa Amerley"]
[Result "1-0"]
[ECO "A43"]
[WhiteElo "1664"]
[BlackElo "1629"]
[Annotator "NA RC"]
[PlyCount "67"]
[EventDate "2024.03.07"]
[EventType "rapid"]
[EventCountry "GHA"]
[SourceTitle "playchess.com"]
[Source "ChessBase"]
[SourceQuality "1"]
[TimeControl "900+10"]

1. d4 c5 2. d5 Nf6 3. Nc3 d6 4. Nf3 g6 5. e4 Nbd7 6. Nd2 Bg7 7. Nc4 O-O 8. Be2 a6 9. a4 Ne8 10. O-O Ne5 11. f4 Nxc4 12. Bxc4 Nf6 13. Be3 Bd7 14. e5 dxe5 15. fxe5 Ng4 16. Bxc5 Nxe5 17. Bb3 Ng4 18. Qf3 Nh6 19. Kh1 b6 20. Ba3 b5 21. axb5 axb5 22. Ne4 Bf5 23. Nc5 Qc7 24. Nd3 Ng4 25. d6 exd6 26. h3 Bxd3 27. Qxd3 b4 28. hxg4 bxa3 29. Rxa3 Rxa3 30. bxa3 Qc5 31. Rf3 Qxa3 32. Bxf7+ Rxf7 33. Qxa3 Be5 34. Qb3 1-0

[Event "13th All African Rapid-ch Women 2024"]
[Site "Accra"]
[Date "2024.03.10"]
[Round "5.1"]
[White "Nakabo, Peninah"]
[Black "Wafa, Shahenda"]
[Result "0-1"]
[ECO "B22"]
[WhiteElo "1836"]
[BlackElo "2083"]
[Annotator "ChessBase"]
[PlyCount "96"]
[EventDate "2024.03.07"]
[EventType "rapid"]
[EventCountry "GHA"]
[SourceTitle "playchess.com"]
[Source "ChessBase"]
[SourceQuality "1"]
[TimeControl "900+10"]

1. e4 c5 2. c3 d5 3. exd5 Qxd5 4. d4 Nc6 5. Nf3 Nf6 6. Be2 Bg4 7. c4 Qf5 8. d5 Nb4 9. Qa4+ Nd7 10. Na3 Bxf3 11. Bxf3 Nd3+ 12. Kf1 Qe5 13. Nc2 Nxc1 14. Rxc1 Qxb2 15. Re1 h5 16. h4 Rh6 17. Ne3 Ra6 18. Qb3 Rxa2 19. Qxb2 Rxb2 20. Bxh5 g6 21. Be2 Bg7 22. g4 Ne5 23. f4 Nd7 24. f5 Bd4 25. Nd1 Rd2 26. fxg6 fxg6 27. h5 gxh5 28. Rxh5 O-O-O 29. Rf5 Rh8 30. Kg2 Nf6 31. g5 Ng4 32. Kf3 Ne5+ 33. Ke4 Rh2 34. Bf1 Ng6 35. Ne3 Bxe3 36. Kxe3 Rb2 37. Re2 Rb3+ 38. Kd2 Rh4 39. Ref2 a5 40. Kc2 a4 41. Rd2 Kc7 42. Rd1 Rh2+ 43. Rd2 Rxd2+ 44. Kxd2 a3 45. Bd3 a2 46. Rf1 Ne5 47. Bc2 Nxc4+ 48. Kc1 a1=Q+ 0-1

[Event "13th All African Rapid-ch Women 2024"]
[Site "Accra"]
[Date "2024.03.10"]
[Round "5.2"]
[White "Nassr, Lina"]
[Black "Mongeli, Sasha"]
[Result "1-0"]
[ECO "D04"]
[WhiteElo "2080"]
[BlackElo "1858"]
[Annotator "ChessBase"]
[PlyCount "85"]
[EventDate "2024.03.07"]
[EventType "rapid"]
[EventCountry "GHA"]
[SourceTitle "playchess.com"]
[Source "ChessBase"]
[SourceQuality "1"]
[TimeControl "900+10"]

1. d4 d5 2. Nf3 Nf6 3. e3 c6 4. Bd3 Bg4 5. Nbd2 Nbd7 6. h3 Bh5 7. Be2 Qc7 8. O-O e5 9. dxe5 Nxe5 10. Nxe5 Qxe5 11. Bxh5 Qxh5 12. Qxh5 Nxh5 13. e4 O-O-O 14. e5 Nf4 15. Re1 Ne6 16. Nb3 Bc5 17. g3 Rde8 18. Kg2 Re7 19. f4 g6 20. g4 Bb6 21. Bd2 h5 22. Kg3 hxg4 23. hxg4 Ree8 24. Rh1 Kd7 25. Rad1 Kc8 26. Rde1 Kd7 27. Ref1 Reg8 28. Rd1 Kc8 29. c3 Re8 30. Rde1 Kd7 31. Kf3 Reg8 32. Be3 Ke7 33. Nd4 Bxd4 34. cxd4 Kf8 35. Bf2 Ke8 36. Ke3 Kd7 37. Bh4 Rh7 38. Bf6 Rxh1 39. Rxh1 Nf8 40. Rh2 Ke6 41. Rf2 Nd7 42. f5+ gxf5 43. gxf5# 1-0

[Event "13th All African Rapid-ch Women 2024"]
[Site "Accra"]
[Date "2024.03.10"]
[Round "5.3"]
[White "PEACE SAMSON"]
[Black "Mbatha, Constance"]
[Result "1-0"]
[ECO "B07"]
[WhiteElo "1870"]
[BlackElo "1799"]
[Annotator "NA RC"]
[PlyCount "107"]
[EventDate "2024.03.07"]
[EventType "rapid"]
[EventCountry "GHA"]
[SourceTitle "playchess.com"]
[Source "ChessBase"]
[SourceQuality "1"]
[TimeControl "900+10"]

1. e4 e5 2. Nf3 d6 3. d4 exd4 4. Nxd4 Nf6 5. Bd3 Be7 6. h3 Nbd7 7. Nf5 Nc5 8. Nxg7+ Kd7 9. Qf3 c6 10. Nc3 Kc7 11. Nf5 Bxf5 12. Qxf5 Nxd3+ 13. cxd3 Nd7 14. Qxf7 Ne5 15. Qe6 Nxd3+ 16. Ke2 Nc5 17. Qf7 Qd7 18. Be3 Ne6 19. Rac1 Rae8 20. Nd5+ Kc8 21. Bxa7 Rhf8 22. Nb6+ Kc7 23. Qxf8 Rxf8 24. Nxd7 Kxd7 25. Be3 Bf6 26. b3 Rg8 27. g3 Nc7 28. a4 Re8 29. f3 d5 30. Rhd1 Kc8 31. exd5 cxd5 32. Rxd5 Kb8 33. Rd7 Ne6 34. f4 h5 35. Kf3 Bd8 36. h4 Nf8 37. Rd5 Ng6 38. Rxh5 Rf8 39. Bc5 Be7 40. Bxe7 Nxe7 41. Rh7 Nf5 42. Rcc7 Nd4+ 43. Kg2 Nc6 44. Rxb7+ Ka8 45. Rb6 Nd4 46. Rh5 Rf7 47. Ra5+ Ra7 48. Rxa7+ Kxa7 49. Rb4 Nc2 50. Re4 Na1 51. b4 Nb3 52. h5 Nd2 53. Re7+ Kb6 54. h6 1-0

[Event "13th All African Rapid-ch Women 2024"]
[Site "Accra"]
[Date "2024.03.10"]
[Round "5.4"]
[White "Junior, Ednasia"]
[Black "Shaba, Linda Dalitso"]
[Result "1-0"]
[ECO "C01"]
[WhiteElo "1915"]
[BlackElo "1836"]
[Annotator "ChessBase"]
[PlyCount "127"]
[EventDate "2024.03.07"]
[EventType "rapid"]
[EventCountry "GHA"]
[SourceTitle "playchess.com"]
[Source "ChessBase"]
[SourceQuality "1"]
[TimeControl "900+10"]

1. e4 e6 2. d4 d5 3. Nc3 Nf6 4. Bg5 Be7 5. exd5 exd5 6. Bd3 Bg4 7. Nf3 Nc6 8. Bb5 O-O 9. Be3 Ne4 10. h3 Bh5 11. O-O a6 12. Be2 Re8 13. Nd2 Nxc3 14. bxc3 Bxe2 15. Qxe2 Bg5 16. Qf3 Bf6 17. Rfe1 Qd7 18. Re2 Re7 19. Rae1 Rae8 20. Nb3 b6 21. Bf4 Rxe2 22. Rxe2 Rxe2 23. Qxe2 a5 24. Bxc7 a4 25. Nd2 b5 26. Bg3 Ne7 27. Nb1 Nf5 28. Bf4 Be7 29. Nd2 f6 30. g4 Nd6 31. Bxd6 Bxd6 32. Kg2 Kf7 33. Nf1 g6 34. Ne3 Bf4 35. Qf3 Bxe3 36. fxe3 Qc6 37. Kg3 Ke6 38. Kh4 Qxc3 39. Qe2 Kd6 40. g5 f5 41. Kg3 Qc4 42. Qd2 b4 43. h4 Kc6 44. Kf4 Kb6 45. Kg3 Qc7+ 46. Kf3 Qe7 47. Kf2 Kb5 48. Qd3+ Kb6 49. c4 bxc3 50. Qxc3 Qd7 51. Qb4+ Qb5 52. Qd6+ Ka5 53. a3 Qb2+ 54. Kf3 Qb5 55. Qc7+ Ka6 56. Kf4 Qf1+ 57. Ke5 Qf2 58. Qc6+ Ka7 59. Qxa4+ Kb6 60. Qb3+ Ka7 61. Kxd5 Qf3+ 62. Kc5 Qe4 63. Qb6+ Ka8 64. Qc6+ 1-0

[Event "13th All African Rapid-ch Women 2024"]
[Site "Accra"]
[Date "2024.03.10"]
[Round "5.5"]
[White "Tsinjoviniavo, Aina Mahasambatra"]
[Black "Yavo Tchetche, Marie"]
[Result "0-1"]
[ECO "C02"]
[WhiteElo "1681"]
[BlackElo "1659"]
[Annotator "NA"]
[PlyCount "92"]
[EventDate "2024.03.07"]
[EventType "rapid"]
[EventCountry "GHA"]
[SourceTitle "playchess.com"]
[Source "ChessBase"]
[SourceQuality "1"]
[TimeControl "900+10"]

1. e4 e6 2. d4 d5 3. e5 c5 4. c3 Qb6 5. Nf3 Nc6 6. Be2 Nge7 7. O-O cxd4 8. cxd4 Nf5 9. Qa4 Nfxd4 10. Nxd4 Qxd4 11. Qxd4 Nxd4 12. Bd3 Bd7 13. Be3 Nc6 14. Bf4 Rc8 15. Nc3 Be7 16. Rfe1 Nb4 17. Rad1 Nxd3 18. Rxd3 O-O 19. h3 Rc4 20. Bd2 Rfc8 21. Kh2 f6 22. exf6 Bxf6 23. Rg3 Rf8 24. Kh1 Bd4 25. Be3 Bxc3 26. bxc3 Rxc3 27. Bxa7 Rxg3 28. fxg3 Ra8 29. Bd4 Rxa2 30. Rb1 Bc6 31. Re1 Ra4 32. Be5 Re4 33. Rxe4 dxe4 34. Bf4 Kf7 35. Kg1 Kf6 36. Kf2 e5 37. Be3 Ke6 38. g4 g6 39. h4 Kd5 40. g5 b5 41. Bd2 Kc4 42. Bc1 Kc3 43. Ke3 b4 44. Bd2+ Kb3 45. Bc1 Kc2 46. Bd2 b3 0-1

[Event "13th All African Rapid-ch Women 2024"]
[Site "Accra"]
[Date "2024.03.10"]
[Round "5.7"]
[White "Banda Natalie Katlo"]
[Black "Laubscher, Anzel"]
[Result "1/2-1/2"]
[ECO "A45"]
[WhiteElo "1772"]
[BlackElo "1820"]
[Annotator "NA"]
[PlyCount "77"]
[EventDate "2024.03.07"]
[EventType "rapid"]
[EventCountry "GHA"]
[SourceTitle "playchess.com"]
[Source "ChessBase"]
[SourceQuality "1"]
[TimeControl "900+10"]

1. d4 Nf6 2. Bg5 Ne4 3. Bf4 d5 4. f3 Nf6 5. Nd2 e6 6. c3 {[%emt 0:00:06] A45: Trompowsky Attack.} c5 7. e3 Be7 8. Bd3 Nc6 9. Ne2 O-O 10. O-O Nh5 11. Qc2 f5 12. b3 Nxf4 13. Nxf4 g5 14. Ne2 Qe8 15. g3 h5 16. Rf2 Rf6 17. f4 g4 18. Rg2 Rh6 19. Kf2 b6 20. Bb5 Bd7 21. Bxc6 Bxc6 22. a3 Qg6 23. Qd1 Kf7 24. b4 h4 25. Qb3 c4 26. Qb2 Rah8 27. Rc1 hxg3+ 28. hxg3 Rh1 29. Qb1 Rxc1 30. Qxc1 Rh6 31. Ng1 Qh7 32. Nf1 Ba4 33. Qd2 Qh8 34. Ke1 a5 35. Qb2 Qa8 36. Nd2 Bc6 37. Nf1 b5 38. Nd2 a4 39. Nf1 $17 1/2-1/2

[Event "13th All African Rapid-ch Women 2024"]
[Site "Accra"]
[Date "2024.03.10"]
[Round "5.8"]
[White "Vilhete, Vania Fausto Da T."]
[Black "Ayiku, Angela Naa Amerley"]
[Result "1-0"]
[ECO "A35"]
[WhiteElo "1829"]
[BlackElo "1629"]
[Annotator "NA"]
[PlyCount "83"]
[EventDate "2024.03.07"]
[EventType "rapid"]
[EventCountry "GHA"]
[SourceTitle "playchess.com"]
[Source "ChessBase"]
[SourceQuality "1"]
[TimeControl "900+10"]

1. d4 g6 2. c4 c5 3. e3 Bg7 4. Nf3 cxd4 5. exd4 d6 6. Nc3 Nc6 7. h3 {[%emt 0:00:00] A35: Englische Eröffnung (Symmetrische Variante).} Qc7 8. Be2 Nf6 9. O-O O-O 10. Bg5 Na5 11. b3 b6 12. Nb5 Qc6 13. d5 Qd7 14. Rc1 Ne4 15. Nbd4 Nxg5 16. Nxg5 Nb7 17. Bg4 Qd8 18. Bxc8 Qxc8 19. Nc6 Qc7 20. Re1 Bf6 21. Ne4 Bg7 22. Nc3 e6 23. Nb5 Qd7 24. Ncxa7 Nc5 25. b4 Na6 26. Nc6 Nc7 27. a4 Ra6 28. Nxc7 Qxc7 29. b5 Raa8 30. dxe6 fxe6 31. Rxe6 Qf7 32. Qe2 Rae8 33. Re1 Ra8 34. Rxd6 Rxa4 35. Re6 Bc3 36. Rf1 Rfa8 37. Ne7+ Kf8 38. Nd5 Bf6 39. Rxf6 Ra2 40. Rxf7+ Kxf7 41. Qe7+ Kg8 42. Nf6+ 1-0